 Dungeon Crawl Stone Soup version 0.31-a0-7-g51783674b7 (webtiles) character file.

Game seed: 5453190844403045358

6435 Dittersdorf the Fighter (level 10, -2/76 HPs)
             Began as a Gargoyle Fighter on May 5, 2023.
             Was a Believer of Okawaru.
             Slain by a white ugly thing (26 damage)
             ... on level 7 of the Dungeon.
             The game lasted 00:13:37 (6552 turns).

Dittersdorf the Fighter (Gargoyle Fighter)          Turns: 6552, Time: 00:13:37

Health: -2/76      AC: 23    Str: 24    XL:     10   Next: 99%
Magic:  8/10       EV: 16    Int:  9    God:    Okawaru [**....]
Gold:   1742       SH: 13    Dex: 15    Spells: 9/9 levels left

rFire   . . .        a - +0 flail
rCold   . . .        c - +1 buckler
rNeg    + . .        v - +0 chain mail
rPois   ∞            n - +0 helmet
rElec   +            e - +0 cloak
rCorr   .            (no gloves)
SInv    .            (no boots)
Will    .....        i - amulet of reflection Stlth
                     g - +5 ring of evasion
HPRegen 0.32/turn    m - +6 ring of dexterity
MPRegen 0.12/turn

%: reflection
@: heroic
A: sickness immunity, AC +7, negative energy resistance 1, electricity
resistance, torment resistance 1, petrification resistance
a: Renounce Religion, Heroism


You were on level 7 of the Dungeon.
You worshipped Okawaru.
Okawaru was pleased with you.
You visited 2 branches of the dungeon, and saw 8 of its levels.
You also visited: Ossuary and Bailey.

You collected 1742 gold pieces.

Inventory:

Hand Weapons
 a - a +0 flail (weapon)
Missiles
 G - 4 curare-tipped darts (quivered)
Armour
 c - a +1 buckler (worn)
 e - a +0 cloak (worn)
 n - a +0 helmet (worn)
 v - a +0 chain mail (worn)
Jewellery
 g - a +5 ring of evasion (left hand)
 h - an amulet of the acrobat
 i - an amulet of reflection (around neck)
 m - a +6 ring of dexterity (right hand)
 y - a ring of flight
Scrolls
 k - a scroll of fog
 o - a scroll of amnesia
 p - a scroll of silence
 q - a scroll of enchant weapon {unknown}
 t - a scroll of noise {unknown}
 w - 2 scrolls of acquirement {unknown}
 x - a scroll of enchant armour
 z - a scroll of vulnerability {unknown}
 A - 2 scrolls of blinking {unknown}
 C - a scroll of poison
 D - a scroll of teleportation
 F - a scroll of identify
Potions
 b - 3 potions of brilliance
 d - 2 potions of might
 f - 7 potions of heal wounds
 j - a potion of haste
 l - 2 potions of berserk rage
 r - 4 potions of mutation
 s - 2 potions of invisibility
 u - 3 potions of cancellation
 B - a potion of magic
 E - 3 potions of attraction


   Skills:
 + Level 14.9(19.9) Fighting
 + Level 6.8(11.8) Maces & Flails
 + Level 7.9(12.9) Armour
 + Level 7.8(12.8) Shields


You had 9 spell levels left.
You didn't know any spells.
Your spell library contained the following spells:

 Spells                   Type           Power      Damage    Failure   Level
 Beastly Appendage        Tmut           0%         N/A       86%         1
 Wereblood                Tmut           0%         N/A       95%         2
 Spider Form              Tmut/Pois      0%         N/A       99%         3


Dungeon Overview and Level Annotations

Branches:
Dungeon (7/15)             Temple (1/1) D:6         Ossuary (visited)
 Bailey (visited)

Altars:
Ashenzari
Dithmenos
Elyvilon
Fedhas
Hepliaklqana
Kikubaaqudgha
Makhleb
Okawaru
Qazlal
Ru
Uskayaw
Vehumet
Wu Jian
Zin
The Shining One

Shops:
D:2 (   D:4 *((*   D:5 *


Innate Abilities, Weirdness & Mutations

You are immune to sickness and miasma.
Your stone body is resilient. (AC +7)
You are immune to poison.
You resist negative energy. (rN+)
You are resistant to electric shocks. (rElec)
You are resistant to unholy torment.
You are immune to petrification.


Message History

You sock the wraith!
You destroy the wraith!
Okawaru accepts your kill.
A sky beast appears from thin air!
Reactivating autopickup.
The white ugly thing barely misses you.
You closely miss the white ugly thing.
You block the white ugly thing's attack.
The white ugly thing stings you but does no damage.
You thump the white ugly thing!
The white ugly thing is lightly wounded.
You block the white ugly thing's attack.
The white ugly thing stings you but does no damage.
You barely miss the white ugly thing.
The white ugly thing is lightly wounded.
You block the white ugly thing's attack.
You completely miss the white ugly thing.
The white ugly thing is lightly wounded.
The white ugly thing barely misses you.
The white ugly thing stings you but does no damage.
You thump the white ugly thing!
The white ugly thing is moderately wounded.
The white ugly thing closely misses you.
You sock the white ugly thing!
The white ugly thing is heavily wounded.
You feel yourself speed up.
You block the white ugly thing's attack.
The white ugly thing stings you! The white ugly thing freezes you!!
You are too injured to fight recklessly!
You are too injured to fight recklessly!
You are too injured to fight recklessly!
You gain the combat prowess of a mighty hero.
You block the white ugly thing's attack.
You barely miss the white ugly thing.
The white ugly thing is heavily wounded.
The white ugly thing stings you but does no damage.
You barely miss the white ugly thing.
The white ugly thing is moderately wounded.
The white ugly thing stings you. The white ugly thing freezes you!!
You die...

,****,****,.##.**,.##.......<>...
,,**,**,*,*#..#.,*#.#............
*,*,,,,,*,**..#..##.#........).#.
,*,,**,*,*,,*#.##..#.).......####
*,*,,,,,*,**,,#..*#.#..>....##
,,**,**,*.**,,#..##.#........#
,****,***#.,*#,*#.)##..).....#
***,*,*,***.##.##.##.......).####
**,,,,,,,***..#u@##............[.
*,***,***,**##.###...........####
,,*,*,*,#,,##...##.........)##
*,**,,,**.##.###.#.........##
,,,,,*,,,,..#.o)#...#..>.###
*,**,,,**.##)###.#..#....# *
,,*,*,*,*,,##..†##....#..#* **
*,***,***,*###.###........# *~
**,,,,,,,**#....)##.......# ****~


You could see a white ugly thing.

Vanquished Creatures
  A kobold demonologist (D:6)
  A wraith (D:7)
  A slime creature (D:7)
  A steam dragon (D:6)
  4 water moccasins
  3 ice beasts
  3 orc warriors
  4 ogres (D:5)
  2 black bears (D:5)
  4 centaurs (D:7)
  A phantom (D:5)
  4 kobold brigands (Bailey)
  A scorpion (D:6)
  4 bullfrogs
  A gnoll sergeant (D:7)
  A water moccasin zombie (Ossuary)
  A wight (D:7)
  2 howler monkeys
  13 bullfrog zombies (Ossuary)
  5 centaur zombies (Ossuary)
  7 hounds
  A jelly (D:5)
  A gnoll bouda (D:7)
  An orc priest (D:7)
  5 iguanas
  A sleepcap (D:4)
  Jessica (D:2)
  3 orc wizards
  3 killer bee zombies (Ossuary)
  10 mummies (Ossuary)
  2 howler monkey zombies (Ossuary)
  6 gnolls
  5 adders
  A shadow imp (D:7)
  2 white imps
  3 ufetubi
  A worm (D:3)
  4 dart slugs
  15 orcs
  9 ball pythons
  6 endoplasms
  2 giant cockroaches (D:3)
  4 goblins
  3 hobgoblins
  5 jackals
  2 quokkas
  4 bats
  16 kobolds
  4 rats
184 creatures vanquished.

Vanquished Creatures (others)
  An orc warrior (Bailey)
  3 kobold brigands (Bailey)
  3 withered plants (Ossuary)
7 creatures vanquished.

Grand Total: 191 creatures vanquished

Notes
Turn   | Place    | Note
-------+----------+-------------------------------------------
     0 | D:1      | Dittersdorf the Gargoyle Fighter began the quest for the
                  | Orb.
     0 | D:1      | Reached XP level 1. HP: 14/14 MP: 1/1
   124 | D:1      | Reached XP level 2. HP: 19/19 MP: 2/2
   545 | D:2      | Reached XP level 3. HP: 22/23 MP: 3/3
   559 | D:2      | Found Sacaigg's Weapon Emporium.
   674 | D:2      | Noticed Jessica
   679 | D:2      | Killed Jessica
   688 | D:2      | Reached XP level 4. HP: 29/29 MP: 4/4
  1515 | D:3      | Reached skill level 4 in Fighting
  2015 | D:3      | Reached XP level 5. HP: 33/33 MP: 5/5
  2329 | D:4      | Found Kaidokeg's Antique Weapon Shop.
  2330 | D:4      | Found Moeng's Assorted Antiques.
  2330 | D:4      | Found Urutahil's Assorted Antiques.
  2335 | D:4      | Found Yste's Antique Weapon Shop.
  2788 | D:5      | Entered Level 5 of the Dungeon
  2794 | D:5      | Noticed an ice beast
  2806 | D:5      | Killed an ice beast
  2807 | D:5      | Reached XP level 6. HP: 31/39 MP: 6/6
  2874 | D:5      | Reached skill level 5 in Fighting
  2874 | D:5      | Reached skill level 5 in Armour
  2874 | D:5      | Reached skill level 5 in Shields
  2916 | D:5      | Reached XP level 7. HP: 37/44 MP: 7/7
  2985 | D:5      | Found Zin's Purification Station.
  2990 | D:5      | Found a glowing silver altar of Zin.
  3210 | D:5      | Reached XP level 8. HP: 34/51 MP: 8/8
  3344 | D:5      | Reached skill level 6 in Fighting
  3546 | D:5      | Reached skill level 5 in Maces & Flails
  4021 | D:6      | Reached skill level 14 in Fighting
  4021 | D:6      | Reached XP level 9. HP: 70/70 MP: 9/9
  4082 | D:6      | Found a staircase to the Ecumenical Temple.
  4088 | Temple   | Entered the Ecumenical Temple
  4100 | Temple   | Became a worshipper of Warmaster Okawaru
  4379 | D:6      | Found a sand-covered staircase.
  4385 | Ossuary  | Entered an ossuary
  4425 | Ossuary  | Reached * piety under Okawaru
  4490 | Ossuary  | Reached XP level 10. HP: 74/76 MP: 10/10
  4728 | Ossuary  | Reached ** piety under Okawaru
  4866 | D:6      | Found a sacrificial altar of Ru.
  4907 | D:6      | Noticed a kobold demonologist
  4916 | D:6      | Noticed a smoke demon
  4917 | D:6      | Noticed a rust devil
  4921 | D:6      | Killed a kobold demonologist
  5501 | D:7      | Found a flagged portal.
  5519 | Bailey   | Entered a bailey
  5956 | Bailey   | Found an iron altar of Okawaru.
  6538 | D:7      | Noticed a white ugly thing
  6552 | D:7      | Slain by a white ugly thing

Illustrated notes

Levels and vault maps discovered:
D:1:      lightli_arrival_lavapool, layout_rooms, corner_web_ring
D:2:      layout_rooms, serial_shops, shop, uniq_jessica
D:3:      layout_basic, kennysheep_cross_room, chequers_serial_rivers_micro_b,
          eino_tiny_chamber, kennysheep_potato
D:4:      layout_rooms, minmay_shop_grid_forest, minivault_24
D:5:      nicolae_cairo_tiling_very_big, layout_loops_ring, zin_purify
D:6:      layout_loops_corners, nicolae_ru_sacrificial_ziggurat,
          minmay_temple_entry_slanted, nicolae_ossuary_entry_plus
D:7:      minmay_the_grid_octo_tiled_octocenter [minmay_the_grid_octo_77,
          minmay_the_grid_octo_clover_2, minmay_the_grid_octo_checkerflower,
          minmay_the_grid_octo_thin_diamonds,
          minmay_the_grid_octo_prize_square_snowflake,
          minmay_the_grid_square_5x5_shuriken,
          minmay_the_grid_square_5x5_eight_small,
          minmay_the_grid_square_5x5_misaligned,
          minmay_the_grid_square_5x5_minimal], layout_rooms,
          kennysheep_orc_sif_temple, gammafunk_temple_overflow_forgotten,
          enter_bailey_2, uniq_maggie
Temple:   nicolae_temple_ecumenical_triangle

Skill      XL: |  1  2  3  4  5  6  7  8  9 10 |
---------------+-------------------------------+-----
Armour         | 4 5 6 7 |  7.9
Shields        | 4 5 6 7 |  7.8
Fighting       | 4 5 14 | 14.9
Maces & Flails | 3 4 5 6 |  6.8

Action                     |  1- 3 |  4- 6 |  7- 9 | 10-12 || total
---------------------------+-------+-------+-------+-------++-------
  Melee: Flail             |    65 |   146 |   262 |   374 ||   847
 Invoke: Heroism           |       |       |       |     6 ||     6
    Use: Scroll            |       |     9 |     3 |     7 ||    19
         Potion            |       |       |     1 |     8 ||     9
 Armour: Scale mail        |    24 |    27 |       |       ||    51
         Chain mail        |       |    21 |   134 |   193 ||   348
  Dodge: Dodged            |    38 |    89 |   129 |   248 ||   504
  Block: Buckler           |    15 |    90 |   179 |   357 ||   641
         Reflection        |       |     1 |       |    11 ||    12

Table legend: (Time is in decaauts)
 A = Elapsed time spent in this place.
 B = Non-inter-level travel time spent in this place.
 C = Inter-level travel time spent in this place.
 D = Time resting spent in this place.
 E = Time spent auto-exploring this place.
 F = Levels seen in this place.
 G = Mean time per level.
                   A        B        C        D        E       F      G
               +--------+--------+--------+--------+--------+-----+--------+
         Total |   6706 |   6468 |    238 |    820 |   3478 |  10 |  670.6 |
       Dungeon |   5784 |   5546 |    238 |    625 |   3333 |   7 |  826.3 |
        Temple |     23 |     23 |      0 |      0 |      0 |   1 |   23.0 |
       Ossuary |    418 |    418 |      0 |      0 |    145 |   1 |  418.0 |
        Bailey |    480 |    480 |      0 |    195 |      0 |   1 |  480.0 |
               +--------+--------+--------+--------+--------+-----+--------+

Top non-repeatable levels by time:
     D:6: 1303 daAuts
     D:3: 1270 daAuts
     D:5: 1223 daAuts
     D:1: 547 daAuts
     D:4: 535 daAuts
     D:2: 494 daAuts
  Bailey: 480 daAuts
 Ossuary: 418 daAuts
     D:7: 409 daAuts
  Temple: 23 daAuts
